 Dungeon Crawl Stone Soup version 0.15-a0-1866-g491fd59 (console) character file.

1509 darkestdarkness the Ruffian (level 8, 0/64 HPs)
             Began as a Minotaur Monk on July 4, 2014.
             Was an Elder of Cheibriados.
             Splashed by a jelly's acid (4 damage)
             ... on Level 6 of the Dungeon.
             The game lasted 00:11:02 (1961 turns).

darkestdarkness the Ruffian (Minotaur Monk)         Turns: 1961, Time: 00:11:02

HP   0/64        AC  6     Str 27      XL: 8   Next: 53%
MP  11/12        EV 12     Int 16      God: Cheibriados [****..]
Gold 211         SH  0     Dex 22      Spells:  0 memorised,  7 levels left

rFire  . . .     SeeInvis .       - Unarmed
rCold  . . .     Clarity  .     u - +0 scale mail (curse)
rNeg   . . .     rCorr    .     (no shield)
rPois  .         rRot     .     (helmet restricted)
rElec  .         Spirit   .     (no cloak)
SustAb .         Warding  .     (no gloves)
rMut   .         Stasis   .     (no boots)
Gourm  .                        (no amulet)
MR     .....                    (no ring)
                                (no ring)

@: very slow, not resistant to hostile enchantments, very unstealthy
A: retaliatory headbutt, horns 2
a: Bend Time, Temporal Distortion, Slouch, Renounce Religion


You were on level 6 of the Dungeon.
You worshipped Cheibriados.
Cheibriados was greatly pleased with you.
You were not hungry.

You visited 1 branch of the dungeon, and saw 7 of its levels.

You collected 211 gold pieces.

Inventory:

Hand weapons
 a - a +0 lajatang
 p - the +3 war axe of Purpose {freeze, +Blink MR+}
   (You found it on level 5 of the Dungeon)

   It has been specially enchanted to freeze those struck by it, causing extra
   injury to most foes and up to double damage against particularly susceptible
   opponents.
   It can also slow down cold-blooded creatures.
   It affects your resistance to hostile enchantments.
   It lets you blink.
Armour
 c - a +0 ring mail
 j - a +0 chain mail
 u - a cursed +0 scale mail (worn)
Magical devices
 s - a wand of paralysis (3)
 t - a wand of lightning (0)
Comestibles
 b - 4 bread rations
 g - 2 meat rations
 h - a royal jelly
 k - 4 fruits
 n - 2 beef jerkies
 v - 2 rotting chunks of gnoll flesh
Scrolls
 d - 2 scrolls of fear
 l - 2 scrolls of magic mapping
 m - 2 scrolls of teleportation
 o - 3 scrolls of fog
 r - a scroll of recharging
 x - 2 scrolls of remove curse
 y - a scroll of identify
Jewellery
 w - an uncursed ring of ice
Potions
 e - 2 potions of might
 f - 3 potions of curing
 i - a potion of restore abilities
 q - a potion of agility


   Skills:
 - Level 3.6 Fighting
 * Level 5.3 Dodging
 - Level 1.5 Stealth
 + Level 7.2 Unarmed Combat
 + Level 6.0 Invocations
 + Level 5.6 Evocations


You had 7 spell levels left.
You didn't know any spells.

Dungeon Overview and Level Annotations

Branches:
Dungeon (7/15)
 Temple: D:4-7

Altars:
Cheibriados
Dithmenos
Trog
Zin
The Shining One


Innate Abilities, Weirdness & Mutations

You reflexively headbutt those who attack you in melee.
You have a pair of horns on your head.


Message History

Cheibriados appreciates the change of pace.
Your Invocations skill increases to level 6!
A jelly comes into view.
The jelly quivers.
Evoke which item? (* to show all) (? for menu, Esc to quit)
Okay, then.
You punch the jelly!
Your hands burn!
The jelly is lightly wounded.
The jelly hits you.
You are splashed with acid!
The acid burns!
* * * LOW HITPOINT WARNING * * *
You hit the jelly but do no damage.
Your hands burn!
* * * LOW HITPOINT WARNING * * *
You headbutt the jelly.
The jelly is moderately wounded.
The jelly barely misses you.
You punch the jelly!
Your hands burn!
* * * LOW HITPOINT WARNING * * *
The jelly is heavily wounded.
You punch the jelly!
Your hands burn!
You die...

#.# #.##.....#.. #.#
#.##...###.# #.#
#..........# #.#
##.<.....#..# #.##
#.......)#...
#..######........#..)
##>#.............)%%.
#####...................
#......@J...............
#.......................
#..........##.......####
#..........##.......#
#...........#########
#.........#.#
#.........#.#
##########.# #.#


You could see a jelly.

Vanquished Creatures
  Prince Ribbit (D:6)
  2 ice beasts (D:5)
  A sky beast (D:7)
  An orc warrior (D:3)
  3 giant frogs (D:6)
  A gnoll sergeant (D:6)
  3 jellies (D:6)
  3 crimson imps
  2 orc wizards
  A giant frog skeleton (D:5)
  A worker ant (D:6)
  2 hound zombies
  7 adders
  12 gnolls
  An orc skeleton (D:6)
  A giant mite (D:5)
  A goliath beetle zombie (D:5)
  2 shadow imps (D:6)
  2 worms
  An adder skeleton (D:6)
  2 giant geckos
  7 orcs
  4 bats
  7 giant cockroaches
  7 goblins
  8 hobgoblins
  4 jackals (D:2)
  2 kobolds
  A quokka (D:6)
  2 ball pythons
  3 giant newts
  A hobgoblin skeleton (D:6)
  A hobgoblin zombie (D:5)
  2 orc zombies
  9 rats
  A rat zombie (D:6)
109 creatures vanquished.

Notes
Turn   | Place    | Note
--------------------------------------------------------------
     0 | D:1      | darkestdarkness, the Minotaur Monk, began the quest for the Orb.
     0 | D:1      | Reached XP level 1. HP: 19/19 MP: 1/1
   285 | D:1      | Reached XP level 2. HP: 23/26 MP: 1/1
   311 | D:2      | Reached skill level 5 in Unarmed Combat
   393 | D:2      | Reached XP level 3. HP: 16/31 MP: 2/2
   476 | D:2      | Found a glowing silver altar of Zin.
   494 | D:2      | Found a snail-covered altar of Cheibriados.
   494 | D:2      | Found a shadowy altar of Dithmenos.
   498 | D:2      | Became a worshipper of Cheibriados the Contemplative
   664 | D:3      | Noticed an orc warrior
   666 | D:3      | Reached skill level 1 in Invocations
   675 | D:3      | Killed an orc warrior
   675 | D:3      | Reached skill level 6 in Unarmed Combat
   675 | D:3      | Reached XP level 4. HP: 28/39 MP: 2/3
   675 | D:3      | Reached XP level 5. HP: 32/45 MP: 2/4
   683 | D:3      | Found a bloodstained altar of Trog.
   764 | D:3      | Found a glowing golden altar of the Shining One.
   920 | D:5      | Entered Level 5 of the Dungeon
   925 | D:5      | Noticed an ice beast
   935 | D:5      | Killed an ice beast
   935 | D:5      | Reached XP level 6. HP: 39/51 MP: 2/7
  1031 | D:5      | Got a blackened war axe
  1048 | D:5      | Identified the cursed +3 war axe of Purpose {freeze, +Blink MR+} (You found it on level 5 of the Dungeon)
  1091 | D:5      | Noticed an ice beast
  1100 | D:5      | Killed an ice beast
  1343 | D:5      | Reached skill level 7 in Unarmed Combat
  1360 | D:5      | Reached XP level 7. HP: 35/57 MP: 8/8
  1401 | D:6      | Acquired Cheibriados' first power
  1430 | D:6      | Reached skill level 1 in Evocations
  1466 | D:6      | Noticed Prince Ribbit
  1474 | D:6      | Killed Prince Ribbit
  1474 | D:6      | Reached skill level 5 in Invocations
  1484 | D:6      | Reached XP level 8. HP: 26/64 MP: 10/10
  1662 | D:6      | Reached skill level 5 in Evocations
  1734 | D:6      | Acquired Cheibriados' second power
  1869 | D:7      | Reached skill level 5 in Dodging
  1960 | D:6      | HP: 3/64 [acid (5)]
  1961 | D:6      | Splashed by a jelly's acid

Action                   |  1- 3 |  4- 6 |  7- 9 || total
-------------------------+-------+-------+-------++-------
Melee: Unarmed           |    77 |    83 |   108 ||   268
Invok: Bend Time         |       |     2 |     1 ||     3
Evoke: Wand              |       |       |     9 ||     9
  Use: Scroll            |     7 |     5 |     1 ||    13
       Potion            |     2 |       |     2 ||     4
 Stab: Paralysed         |       |       |     8 ||     8
